 Dungeon Crawl Stone Soup version 0.22.0-13-g43fe8f2 (webtiles) character file.

1649 shmeve the Skirmisher (level 8, -12/109 HPs)
             Began as a Minotaur Berserker on Aug 16, 2018.
             Was an Elder of Trog.
             Killed by divine providence
             ... invoked by an orc priest
              (16 damage)
             ... on level 6 of the Dungeon.
             The game lasted 00:10:24 (4837 turns).

shmeve the Skirmisher (Minotaur Berserker)          Turns: 4837, Time: 00:10:24

Health: -12/109    AC: 10    Str: 29    XL:     8   Next: 67%
Magic:  7/7        EV:  8    Int:  4    God:    Trog [****..]
Gold:   238        SH: 11    Dex: 10    Spells: 7/7 levels left

rFire    + . .     SeeInvis .   a - +0 hand axe
rCold    . . .     Gourm    .   s - +0 shield
rNeg     . . .     Faith    .   g - +0 chain mail
rPois    .         Spirit   .   (helmet restricted)
rElec    .         Reflect  .   (no cloak)
rCorr    .         Harm     .   u - +0 pair of gloves
MR       .....                  (no boots)
Stlth    ..........             (no amulet)
HPRegen  0.28/turn              w - ring of protection from fire
MPRegen  0.10/turn              (no ring)

@: berserking, very quick
A: retaliatory headbutt, horns 2
a: Berserk, Trog's Hand, Brothers in Arms, Renounce Religion


You were on level 6 of the Dungeon.
You worshipped Trog.
Trog was greatly pleased with you.
You were very hungry.

You visited 1 branch of the dungeon, and saw 6 of its levels.

You collected 238 gold pieces.

Inventory:

Hand Weapons
 a - a +0 hand axe (weapon)
Missiles
 f - a throwing net (quivered)
Armour
 g - a +0 chain mail (worn)
 s - a +0 shield (worn)
 u - a +0 pair of gloves (worn)
Jewellery
 w - a ring of protection from fire (left hand)
Wands
 l - a wand of digging (11)
Scrolls
 b - 3 scrolls of identify
 j - a scroll of magic mapping
 m - 3 scrolls of remove curse
 n - a scroll of enchant weapon {unknown}
 r - 3 scrolls of fog {unknown}
 v - a scroll of immolation {unknown}
Potions
 d - 3 potions of curing {unknown}
 e - a potion of degeneration {unknown}
 h - 2 potions of heal wounds {unknown}
 i - a potion of berserk rage {unknown}
 o - a potion of cancellation {unknown}
 p - a potion of flight {unknown}
 t - a potion of mutation {unknown}
Comestibles
 c - 8 rations
 k - 12 chunks of flesh


   Skills:
 * Level 7.2 Fighting
 * Level 7.1 Axes
 + Level 3.2 Throwing
 + Level 4.7 Armour
 + Level 4.3 Dodging
 * Level 6.6 Shields


You had 7 spell levels left.
You didn't know any spells.
Your spell library was empty.

Dungeon Overview and Level Annotations

Branches:
Dungeon (6/15)
 Temple: D:4-7

Altars:
Fedhas


Innate Abilities, Weirdness & Mutations

You reflexively headbutt those who attack you in melee.
You have a pair of horns on your head.


Message History

* * * LOW HITPOINT WARNING * * *
You block the orc's attack.
You closely miss the orc priest. You headbutt the orc priest!
The orc priest is heavily wounded.
You hit the orc priest. You slash the orc!
You kill the orc!
Trog accepts your kill. You block the orc priest's attack.
You hit the orc priest.
The orc priest is almost dead.
You hit the orc priest. The orc priest barely misses you.
The orc priest closely misses you. You furiously retaliate!
You headbutt the orc priest!
You kill the orc priest!
Trog accepts your kill.
You barely miss the orc priest.
The orc priest is almost dead.
The orc priest mumbles some strange prayers to Beogh against you.
Beogh smites you!
You die...

#.. # #.# #. #.# +# #.
#.#####.# #..
#....(..##
#..##.......%.
###...o).....####
+....[@.)........
########.....## .#
##[#### .# #########.#
######.#
.###.........###....#.#
.'.........)......<...#
#.......)####......#
#........# #....(.#
#........# #......#


You could see an orc priest.

Vanquished Creatures
  Grinder (D:6)
  An ice beast (D:5)
  2 centaurs (D:5)
  2 bullfrogs (D:6)
  A wyvern zombie (D:6)
  3 crimson imps
  3 orc priests
  A gnoll shaman (D:6)
  2 hounds
  Terence (D:2)
  2 iguanas
  7 worker ants
  9 orc wizards
  A worker ant zombie (D:5)
  6 adders
  4 gnolls (D:6)
  4 oozes
  2 adder skeletons (D:5)
  An adder zombie (D:5)
  4 worms
  A dart slug (D:4)
  5 leopard geckos
  23 orcs
  6 giant cockroaches
  4 goblins
  6 hobgoblins
  7 jackals
  3 quokkas
  2 ball pythons
  4 bats
  3 frilled lizards
  4 kobolds
  7 rats
132 creatures vanquished.

Notes
Turn   | Place    | Note
-------+----------+-------------------------------------------
     0 | D:1      | shmeve the Minotaur Berserker began the quest for the Orb.
     0 | D:1      | Reached XP level 1. HP: 19/19 MP: 0/0
   348 | D:1      | Reached XP level 2. HP: 26/27 MP: 1/1
   782 | D:2      | Reached XP level 3. HP: 33/33 MP: 2/2
   960 | D:2      | Found a faded altar of an unknown god.
  1049 | D:2      | Reached ** piety under Trog
  1049 | D:2      | Reached skill level 1 in Throwing
  1089 | D:2      | Noticed Terence
  1100 | D:2      | Killed Terence
  1100 | D:2      | Reached XP level 4. HP: 37/41 MP: 3/3
  1999 | D:3      | Found a blossoming altar of Fedhas.
  2146 | D:4      | Reached XP level 5. HP: 47/47 MP: 4/4
  2378 | D:4      | Reached XP level 6. HP: 48/53 MP: 5/5
  2382 | D:4      | Reached *** piety under Trog
  2472 | D:4      | Reached skill level 5 in Fighting
  2709 | D:4      | Reached skill level 5 in Axes
  3217 | D:5      | Entered Level 5 of the Dungeon
  3217 | D:5      | Noticed an ice beast
  3227 | D:5      | Killed an ice beast
  3280 | D:5      | Reached XP level 7. HP: 44/61 MP: 6/6
  3480 | D:5      | Reached skill level 5 in Shields
  4172 | D:5      | Reached XP level 8. HP: 67/70 MP: 7/7
  4593 | D:6      | Noticed Grinder
  4631 | D:6      | Paralysed by Grinder for 3 turns
  4634 | D:6      | Reached **** piety under Trog
  4642 | D:6      | Killed Grinder
  4834 | D:6      | HP: 4/109 [orc priest/morningstar (6)]
  4837 | D:6      | Killed from afar by an orc priest

Skill      XL: |  1  2  3  4  5  6  7  8 |
---------------+-------------------------+-----
Axes           | 4 5 6 7 |  7.1
Fighting       | 4 5 6 7 |  7.2
Throwing       | 1 2 3 |  3.2
Armour         | 3 4 |  4.7
Shields        | 2 4 5 6 |  6.6
Dodging        | 3 4 |  4.3

Action                   |  1- 3 |  4- 6 |  7- 9 || total
-------------------------+-------+-------+-------++-------
Melee: Hand axe          |    66 |   162 |   201 ||   429
       Headbutt          |    12 |    32 |    39 ||    83
Invok: Berserk           |       |     1 |     3 ||     4
       Trog's Hand       |       |       |     1 ||     1
  Use: Scroll            |       |     5 |       ||     5
  Eat: Chunk             |     1 |     7 |     4 ||    12
       Ration            |       |       |     1 ||     1
Armor: Chain mail        |    32 |    65 |   115 ||   212
Dodge: Dodged            |    28 |    67 |    58 ||   153
Block: Shield            |       |    39 |   113 ||   152
